 Dungeon Crawl Stone Soup version 0.28.0-53-g5a82cb258f (webtiles) character file.

Game seed: 9383196934903764369

4 ZappyNine the Insei (level 1, 0/15 HPs)
             Began as a Barachi Transmuter on May 23, 2022.
             Slain by a jackal (2 damage)
             ... on level 1 of the Dungeon.
             The game lasted 00:00:16 (183 turns).

ZappyNine the Insei (Barachi Transmuter)             Turns: 183, Time: 00:00:16

Health: 0/15       AC:  2    Str: 11    XL:     1   Next: 70%
Magic:  3/3        EV: 12    Int: 13    God:
Gold:   0          SH:  0    Dex: 12    Spells: 3/4 levels left

rFire   . . .      SeeInvis .   b - +0 club
rCold   . . .      Faith    .   (no shield)
rNeg    . . .      Spirit   .   a - +0 robe
rPois   .          Reflect  .   (no helmet)
rElec   .          Harm     .   (no cloak)
rCorr   .          Rampage  .   (no gloves)
Will    .....                   (no boots)
Stlth   +.........              (no amulet)
HPRegen 0.05/turn               (no ring)
MPRegen 0.08/turn               (no ring)

@: slow
A: amphibious, slowness 1, strong legs 1, +LOS
a: Hop


You were on level 1 of the Dungeon.
You visited 1 branch of the dungeon, and saw 1 of its levels.

Inventory:

Hand Weapons
 b - a +0 club (weapon)
Armour
 a - a +0 robe (worn)


   Skills:
 + Level 1.4 Fighting
 - Level 2.1 Dodging
 * Level 3.5 Unarmed Combat
 - Level 2.1 Spellcasting
 + Level 2.3 Transmutations


You had 3 spell levels left.
You knew the following spells:

 Your Spells              Type           Power      Damage    Failure   Level
a - Beastly Appendage     Tmut           14%        N/A       10%         1

Your spell library contained the following spells:

 Spells                   Type           Power      Damage    Failure   Level
 Wereblood                Tmut           7%         N/A       14%         2
 Spider Form              Tmut/Pois      4%         N/A       43%         3
 Ice Form                 Ice/Tmut       4%         N/A       83%         4


Dungeon Overview and Level Annotations

Branches:
Dungeon (1/15)

Altars:


Innate Abilities, Weirdness & Mutations

You are amphibious.
You cover ground slowly.
You can hop short distances.
You have an extended range of vision and can be seen from far away.


Message History

The bat closely misses you.
The jackal barks!
You hit the bat but do no damage. The bat closely misses you. x2
You barely miss the frilled lizard. The bat hits you but does no damage.
The frilled lizard misses you.
You completely miss the frilled lizard. The bat hits you.
The jackal closely misses you. The frilled lizard closely misses you.
The jackal bites you.
You barely miss the frilled lizard. The bat barely misses you.
The jackal closely misses you. The bat barely misses you.
The frilled lizard closely misses you. The jackal closely misses you.
The frilled lizard bites you but does no damage.
You barely miss the frilled lizard. The bat misses you. The jackal bites you.
The frilled lizard barely misses you.
You hit the frilled lizard but do no damage.
Your punch misses the frilled lizard. The bat closely misses you.
The jackal bites you. The bat misses you. The jackal completely misses you.
The frilled lizard bites you but does no damage.
The jackal bites you.
The jackal bites you but does no damage. x2
You are too injured to fight recklessly!
You are too injured to fight recklessly!
You are too injured to fight recklessly!
You are too injured to fight recklessly!
You are too injured to fight recklessly!
You are too injured to fight recklessly!
You are too injured to fight recklessly!
You are too injured to fight recklessly!
Unknown command.
The bat hits you. x2
* * * LOW HITPOINT WARNING * * *
The frilled lizard barely misses you. The bat closely misses you.
The bat hits you.
* * * LOW HITPOINT WARNING * * *
The jackal barely misses you. The bat closely misses you.
The frilled lizard closely misses you. The bat hits you.
* * * LOW HITPOINT WARNING * * *
The jackal bites you.
You die...

###..............##.#.#.#
................##......
#..............# ......
#.(............####.##.
#..>...........##....).
#.............##......
#.###...h.#......####...<
.......blhh...#..##......
.#....##@####.#..##......
##.. #.# #.#..##.#.### #.
#.# #.#..##...... #. #.#
#.#..##...... .. #.#
##....###..##. . #.#.#
#..#.###......
#...###....# #......
##.........# ##..###
#.....##...# #......


You could see 3 jackals, a bat and a frilled lizard.

Vanquished Creatures
  An endoplasm (D:1)
  A kobold (D:1)
  A quokka (D:1)
  A rat (D:1)
4 creatures vanquished.

Notes
Turn   | Place    | Note
-------+----------+-------------------------------------------
     0 | D:1      | ZappyNine the Barachi Transmuter began the quest for the
                  | Orb.
     0 | D:1      | Reached XP level 1. HP: 15/15 MP: 3/3
   183 | D:1      | Slain by a jackal

Illustrated notes

Levels and vault maps discovered:
D:1:      dpeg_arrival_ternary, layout_rooms, nicolae_ecumenical_snake_handling,
          minmay_door_square

Action                   || total
-------------------------++-------
Melee: Club              ||    14
       Unarmed           ||     3
Armor: Robe              ||     5
Dodge: Dodged            ||    26
